 Dungeon Crawl Stone Soup version 0.22-a0-480-g991dd4b (webtiles) character file.

74 KillYourself the Shield-Bearer (level 4, -2/40 HPs)
             Began as a Minotaur Fighter on June 16, 2018.
             Slain by an iguana (10 damage)
             ... on level 2 of the Dungeon.
             The game lasted 00:05:09 (805 turns).

KillYourself the Shield-Bearer (Minotaur Fighter)    Turns: 805, Time: 00:05:09

Health: -2/40      AC:  7    Str: 26    XL:     4   Next: 10%
Magic:  3/3        EV:  7    Int:  5    God:
Gold:   4          SH: 10    Dex: 10    Spells: 3/3 levels left

rFire    . . .     SeeInvis .   a - +1 war axe
rCold    . . .     Gourm    .   c - +0 shield
rNeg     . . .     Faith    .   b - +0 scale mail
rPois    .         Spirit   .   (helmet restricted)
rElec    .         Reflect  .   (no cloak)
rCorr    .         Harm     .   (no gloves)
MR       .....                  (no boots)
Stlth    ..........             (no amulet)
HPRegen  0.13/turn              (no ring)
MPRegen  0.08/turn              (no ring)

@: mighty
A: retaliatory headbutt, horns 2
a: no special abilities


You were on level 2 of the Dungeon.
You were not hungry.

You visited 1 branch of the dungeon, and saw 2 of its levels.

You collected 4 gold pieces.

Inventory:

Hand Weapons
 a - a +1 war axe (weapon)
Armour
 b - a +0 scale mail (worn)
 c - a +0 shield (worn)
Scrolls
 e - 3 scrolls of identify
 h - 2 scrolls of remove curse
Comestibles
 f - 3 rations
 g - 16 chunks of flesh


   Skills:
 * Level 4.2 Fighting
 + Level 3.2 Axes
 + Level 4.3 Armour
 + Level 4.5 Shields


You had 3 spell levels left.
You didn't know any spells.
Your spell library was empty.

Dungeon Overview and Level Annotations

Branches:
Dungeon (1/15)

Altars:


Innate Abilities, Weirdness & Mutations

You reflexively headbutt those who attack you in melee.
You have a pair of horns on your head.


Message History

You slash the adder! You block the adder's attack. x2
You barely miss the adder.
The adder is almost dead.
You hit the iguana. The adder barely misses you.
The iguana bites you but does no damage.
You block the adder's attack. The iguana bites you!
* * * LOW HITPOINT WARNING * * *
You block the adder's attack. You block the adder's attack.
The goblin wields a hunting sling.
The goblin shoots a stone.
The stone hits you but does no damage.
You see here a stone.
The adder bites you but does no damage. You block the adder's attack.
The adder bites you but does no damage.
You closely miss the adder. Your headbutt misses the adder.
The adder is severely wounded.
You hit the iguana but do no damage. You block the adder's attack.
The iguana bites you!
You die...

#.................##...#)...#
...###....##...###.####......#
#####..#####.................#
......## #..#..÷†÷.....>.###
####### ###..##..÷.(.....##
.............(...#
.......#.........#
......##lg.......#
.......@S...######
......####.....# .....
..###... .... ..## ... #.. ...
## #. ...# # ....


You could see an iguana, an adder and a goblin.

Vanquished Creatures
  2 gnolls (D:1)
  An adder (D:2)
  2 dart slugs (D:1)
  A leopard gecko (D:1)
  5 giant cockroaches
  3 goblins
  7 hobgoblins
  4 jackals (D:2)
  4 kobolds
  2 bats (D:1)
  2 frilled lizards (D:1)
  6 rats (D:1)
39 creatures vanquished.

Notes
Turn   | Place    | Note
-------+----------+-------------------------------------------
     0 | D:1      | KillYourself the Minotaur Fighter began the quest for the Orb.
     0 | D:1      | Reached XP level 1. HP: 19/19 MP: 0/0
    80 | D:1      | Reached XP level 2. HP: 17/27 MP: 1/1
   266 | D:1      | Reached XP level 3. HP: 33/33 MP: 2/2
   657 | D:1      | You fall through a shaft!
   711 | D:2      | Reached XP level 4. HP: 31/40 MP: 3/3
   805 | D:2      | Slain by an iguana

Vault maps used:
D:1:      minmay_arrival_loop
D:2:      nicolae_tso_carved_into_rock

Skill      XL: |  1  2  3 |
---------------+----------+-----
Fighting       | 4 |  4.2
Shields        | 4 |  4.5
Armour         | 4 |  4.3
Axes           | 3 |  3.2

Action                   |  1- 3 |  4- 6 || total
-------------------------+-------+-------++-------
Melee: War axe           |    78 |    11 ||    89
       Headbutt          |    13 |     2 ||    15
  Use: Scroll            |     3 |     1 ||     4
       Potion            |     2 |     1 ||     3
Armor: Scale mail        |    44 |     8 ||    52
Dodge: Dodged            |    25 |     2 ||    27
Block: Shield            |    60 |    14 ||    74

Table legend:
 A = Spawn XP
 B = Non-spawn XP
 C = Spawn XP percentage of total XP
 D = Spawn monster count
 E = Non-spawn monster count
 F = Spawn count percentage of total count
 G = Total turns spent on level
                    A         B        C        D         E        F      G
               +---------+---------+-------+---------+---------+-------+---------
         Total |       0 |     107 |   0.0 |       0 |      39 |   0.0 |   805
               +---------+---------+-------+---------+---------+-------+---------
           D:1 |       0 |      74 |   0.0 |       0 |      27 |   0.0 |   657
           D:2 |       0 |      33 |   0.0 |       0 |      12 |   0.0 |   148
               +---------+---------+-------+---------+---------+-------+---------
